 Dungeon Crawl Stone Soup version 0.24-a0-235-g3f03afcf10 (webtiles) character file.

Game seed: 14690818958643599805

8145 MrRokkomies the Zephyrmancer (level 11, -5/51 HPs)
             Began as a Spriggan Air Elementalist on Apr 5, 2019.
             Was a High Priest of Kikubaaqudgha.
             Slain by a blink frog (18 damage)
             ... on level 1 of the Lair of Beasts.
             The game lasted 01:04:41 (13673 turns).

MrRokkomies the Zephyrmancer (SpAE)                Turns: 13673, Time: 01:04:43

Health: -5/51      AC:  6    Str:  4    XL:     11   Next: 6%
Magic:  4/24       EV: 20    Int: 20    God:    Kikubaaqudgha [*****.]
Gold:   738        SH:  7    Dex: 17    Spells: 8/26 levels left

rFire    . . .     SeeInvis +   a - +0 dagger (pain)
rCold    . . .     Gourm    .   B - +0 buckler
rNeg     . . .     Faith    +   I - +1 robe
rPois    .         Spirit   .   (helmet restricted)
rElec    .         Reflect  .   q - scarf {repulsion}
rCorr    .         Harm     .   (gloves unavailable)
MR       +....                  (boots unavailable)
Stlth    +++.......             h - amulet of faith
HPRegen  0.17/turn              s - +3 ring of protection
MPRegen  0.19/turn              E - ring of wizardry

@: repel missiles, very quick
A: very small, unfitting armour, see invisible, herbivore, speed 3, slow
metabolism 2
a: Receive Corpses, Torment, Renounce Religion


You were on level 1 of the Lair of Beasts.
You worshipped Kikubaaqudgha.
Kikubaaqudgha was extremely pleased with you.
You were not hungry.

You visited 2 branches of the dungeon, and saw 10 of its levels.

You collected 792 gold pieces.
You spent 54 gold pieces at shops.

Inventory:

Hand Weapons
 a - a +0 dagger of pain (weapon)
 b - a +0 hunting sling
 m - a +2 whip of protection
 z - a +1 flail of protection
 J - a +2 dagger of holy wrath
Missiles
 d - 294 stones (quivered)
 p - 220 sling bullets
 y - 25 poisoned needles
Armour
 j - a scarf of cloud immunity
 q - a scarf of repulsion (worn)
 B - a +0 buckler (worn)
 I - a +1 robe (worn)
Jewellery
 h - an amulet of faith (around neck)
 s - a +3 ring of protection (left hand)
 t - a +2 amulet of reflection
 E - a ring of wizardry (right hand)
Wands
 k - a wand of flame (20)
 u - a wand of iceblast (17)
 G - a wand of random effects (31)
 L - a wand of disintegration (14)
Scrolls
 l - a scroll of amnesia
 n - a scroll of magic mapping
 r - 3 scrolls of teleportation
 v - 4 scrolls of remove curse
 F - 2 scrolls of enchant weapon
 K - a scroll of enchant armour
Potions
 e - 4 potions of curing
 f - 2 potions of berserk rage
 g - a potion of invisibility
 i - 2 potions of brilliance
 o - 3 potions of agility
 x - a potion of resistance
 A - 2 potions of lignification {unknown}
 C - 3 potions of heal wounds
 D - a potion of magic {unknown}
 H - a potion of cancellation {unknown}
Comestibles
 c - 6 rations


   Skills:
 * Level 2.9 Fighting
 - Level 4.9 Dodging
 - Level 5.0 Stealth
 + Level 4.2 Shields
 - Level 8.0 Spellcasting
 - Level 5.0 Conjurations
 * Level 5.6 Necromancy
 - Level 10.0 Air Magic


You had 8 spell levels left.
You knew the following spells:

 Your Spells              Type           Power        Failure   Level  Hunger
a - Shock                 Conj/Air       ####         1%          1    None
b - Static Discharge      Conj/Air       #####...     1%          3    None
c - Animate Skeleton      Necr           N/A          1%          1    None
d - Airstrike             Air            #####.....   1%          4    ###....
e - Animate Dead          Necr           N/A          4%          4    ###....
f - Lightning Bolt        Conj/Air       #####.....   5%          5    #####..

Your spell library contained the following spells:

 Spells                   Type           Power        Failure   Level  Hunger
 Pain                     Necr           ####         1%          1    None
 Sublimation of Blood     Necr           ####......   1%          2    None
 Swiftness                Chrm/Air       ####....     1%          2    None
 Vampiric Draining        Necr           ####......   1%          3    None
 Confusing Touch          Hex            #.....       4%          1    None
 Regeneration             Chrm/Necr      ###.......   4%          3    None
 Confuse                  Hex            #.......     12%         3    None
 Gell's Gravitas          Tloc           #.........   12%         3    None
 Agony                    Necr           ####....     12%         5    #####..
 Dispel Undead            Necr           ####....     12%         5    #####..
 Excruciating Wounds      Chrm/Necr      ###.......   32%         5    #####..
 Petrify                  Tmut/Erth      #.......     38%         4    ###....
 Death Channel            Necr           ####......   50%         6    ######.
 Metabolic Englaciation   Hex/Ice        #.........   71%         5    #####..
 Yara's Violent Unravell  Hex/Tmut       #.........   71%         5    #####..


Dungeon Overview and Level Annotations

Branches:
Dungeon (9/15)             Temple (0/1) D:6            Lair (1/6) D:9
    Orc (0/2) D:9

Altars:
Ashenzari
Fedhas
Hepliaklqana
Kikubaaqudgha
Makhleb
Trog
Vehumet

Shops:
D:6 [   D:8 }!

Annotations:
D:7 exclusion: oklob plant


Innate Abilities, Weirdness & Mutations

You are very small and have problems with some larger weapons.
You are too small for most types of armour.
You have supernaturally acute eyesight. (SInv)
You are a herbivore.
You cover ground extremely quickly.
You need to consume almost no food.


Message History

Press: ? - help, Dir - move target cursor, f - blink frog
Aim: a blink frog
Okay, then.
Unknown command.
Casting: Airstrike (safe; 1% risk of failure)
Confirm with . or Enter, or press ? or * to list all spells.
Aiming: Shock (safe; 1% risk of failure)
Press: ? - help, Shift-Dir - straight line The zap misses the blink frog.
Casting: Shock (safe; 1% risk of failure)
Confirm with . or Enter, or press ? or * to list all spells.
Aiming: Shock (safe; 1% risk of failure)
Press: ? - help, Shift-Dir - straight line The zap hits the blink frog!
The blink frog is moderately wounded.
The zap hits the blink frog.
The blink frog is moderately wounded.
The blink frog hits you!!
You die...
Kikubaaqudgha rasps: "You have failed me!
Welcome... death!"

....... ...... ..
...... #.#
F....##########.#
..F..../.....##.#
.....##......##.#
.....##......##.#
#............##.##
.....#.......#..@#
#....##......##F##
.....##.#..#.##.#
......#..#...#..#
................#
#.#######.#.## #
#####


You could see a blink frog.

Vanquished Creatures
  2 two-headed ogres
  Prince Ribbit (D:7)
  A hornet (D:8)
  2 polar bears (Lair:1)
  A hippogriff (D:7)
  4 yaks
  Menkaure (D:7)
  A water moccasin (D:6)
  3 porcupines
  2 ice beasts
  4 orc warriors
  Duvessa (D:7)
  2 sky beasts
  3 black bears
  2 phantoms
  4 ogres
  2 centaurs
  2 crocodiles
  8 bullfrogs
  3 scorpions
  Dowan (D:7)
  11 crimson imps
  6 hounds
  3 jellies (D:8)
  7 orc priests
  12 orc wizards
  5 iguanas
  9 worker ants
  A hound zombie (D:6)
  A howler monkey zombie (D:8)
  14 adders
  2 shadow imps
  2 white imps (D:9)
  9 oozes
  3 adder zombies
  An adder skeleton (D:5)
  4 worms
  4 leopard geckos
  30 orcs
  3 ball pythons (D:4)
  3 bats (D:2)
  6 giant cockroaches
  3 goblins
  3 hobgoblins
  7 jackals
  7 kobolds
  5 quokkas
  2 frilled lizards
  2 quokka skeletons
  8 rats
223 creatures vanquished.

Vanquished Creatures (collateral kills)
  2 basilisks (D:9)
  A lava snake (D:9)
  An orc wizard (D:7)
  An iguana (D:4)
  An adder skeleton (D:9)
  2 orcs (D:7)
  A jackal skeleton (D:9)
9 creatures vanquished.

Vanquished Creatures (others)
  3 fungi
  17 plants
20 creatures vanquished.

Grand Total: 252 creatures vanquished

Notes
Turn   | Place    | Note
-------+----------+-------------------------------------------
     0 | D:1      | MrRokkomies the Spriggan Air Elementalist began the quest
                  | for the Orb.
     0 | D:1      | Reached XP level 1. HP: 9/9 MP: 5/5
   422 | D:1      | Reached skill level 1 in Conjurations
   683 | D:1      | Reached skill level 3 in Air Magic
   683 | D:1      | Reached XP level 2. HP: 13/13 MP: 1/6
  1143 | D:2      | Reached XP level 3. HP: 12/16 MP: 5/8
  1469 | D:2      | Learned a level 3 spell: Static Discharge
  1583 | D:2      | Found a shattered altar of Ashenzari.
  1583 | D:2      | Found a bloodstained altar of Trog.
  1588 | D:2      | Found a faded altar of an unknown god.
  1590 | D:2      | Found a hazy altar of Hepliaklqana.
  1591 | D:2      | Found a faded altar of an unknown god.
  1595 | D:2      | Became a worshipper of Kikubaaqudgha
  1595 | D:2      | Reached * piety under Kikubaaqudgha
  1595 | D:2      | Identified Kikubaaqudgha's Handbook of Dark Rituals
                  | (Kikubaaqudgha gifted it to you on level 2 of the Dungeon)
  1595 | D:2      | Received a gift from Kikubaaqudgha
  1599 | D:2      | Learned a level 1 spell: Animate Skeleton
  1897 | D:3      | Reached XP level 4. HP: 21/21 MP: 9/9
  2705 | D:4      | Reached XP level 5. HP: 24/24 MP: 6/10
  2707 | D:4      | Reached skill level 4 in Air Magic
  3493 | D:4      | Reached XP level 6. HP: 19/28 MP: 1/11
  3611 | D:4      | Reached ** piety under Kikubaaqudgha
  3802 | D:3      | Learned a level 4 spell: Airstrike
  4323 | D:5      | Entered Level 5 of the Dungeon
  4323 | D:5      | Noticed an ice beast
  4344 | D:5      | Killed an ice beast
  4469 | D:5      | Noticed a sky beast
  4491 | D:5      | Reached skill level 5 in Air Magic
  4491 | D:5      | Reached XP level 7. HP: 32/32 MP: 6/12
  5558 | D:5      | Reached skill level 5 in Stealth
  5996 | D:5      | Found a radiant altar of Vehumet.
  6035 | D:5      | Reached skill level 6 in Air Magic
  6035 | D:5      | Reached XP level 8. HP: 36/36 MP: 7/13
  6511 | D:6      | Found a burning altar of Makhleb.
  6513 | D:6      | Noticed a green death
  6580 | D:6      | Reached skill level 5 in Conjurations
  6880 | D:6      | Reached *** piety under Kikubaaqudgha
  6880 | D:6      | Identified Kikubaaqudgha's Disquisition on Evil Secrets
                  | (Kikubaaqudgha gifted it to you on level 6 of the Dungeon)
  6880 | D:6      | Received a gift from Kikubaaqudgha
  6880 | D:6      | Reached skill level 7 in Air Magic
  6887 | D:6      | Learned a level 4 spell: Animate Dead
  7444 | D:6      | Found a staircase to the Ecumenical Temple.
  7565 | D:6      | Reached skill level 5 in Spellcasting
  7594 | D:6      | Found Loloty's Armour Boutique.
  7597 | D:6      | Bought a +0 buckler for 54 gold pieces
  8033 | D:7      | Reached XP level 9. HP: 29/39 MP: 12/18
  8089 | D:7      | Reached skill level 1 in Shields
  8243 | D:7      | Reached skill level 8 in Air Magic
  8451 | D:7      | Learned a level 5 spell: Lightning Bolt
  8754 | D:7      | Noticed Menkaure
  8772 | D:7      | Killed Menkaure
  8950 | D:7      | Found a blossoming altar of Fedhas.
  8967 | D:7      | Noticed an oklob plant
  9001 | D:7      | Noticed Prince Ribbit
  9018 | D:7      | Killed Prince Ribbit
  9314 | D:7      | Noticed Dowan
  9315 | D:7      | Noticed Duvessa
  9316 | D:7      | Killed Dowan
  9318 | D:7      | Killed Duvessa
  9743 | D:8      | Reached **** piety under Kikubaaqudgha
  9777 | D:8      | Found Vuar Hio's Distillery.
 10048 | D:8      | Reached skill level 9 in Air Magic
 10057 | D:8      | Found Ifafig's Gadget Shoppe.
 10060 | D:8      | Noticed a two-headed ogre
 10088 | D:8      | Killed a two-headed ogre
 10088 | D:8      | Reached XP level 10. HP: 23/44 MP: 11/23
 10689 | D:9      | Noticed a two-headed ogre
 10710 | D:9      | Killed a two-headed ogre
 11847 | D:9      | Reached ***** piety under Kikubaaqudgha
 11868 | D:9      | Found a staircase to the Orcish Mines.
 12144 | D:8      | Reached skill level 10 in Air Magic
 12407 | D:9      | Reached skill level 1 in Fighting
 12881 | D:9      | Reached skill level 5 in Necromancy
 13108 | D:9      | Found a radiant altar of Vehumet.
 13143 | D:9      | Found a staircase to the Lair.
 13374 | Lair:1   | Entered Level 1 of the Lair of Beasts
 13442 | Lair:1   | Reached XP level 11. HP: 46/51 MP: 0/24
 13619 | Lair:1   | Noticed a five-headed hydra
 13673 | Lair:1   | Slain by a blink frog

Levels and vault maps discovered:
D:1:      dpeg_arrival_connections, layout_loops_ring
D:2:      layout_rooms, chequers_temple_overflow_minitemple,
          minmay_fractal_squares_gapless_5
D:3:      minmay_wonky_spiral, layout_basic
D:4:      layout_loops_ring, first_ration
D:5:      layout_rooms, lemuel_coloured_pillars_altar
D:6:      layout_loops_ring, makhleb_altar_promises_db, temple_hall,
          serial_shops, kennysheep_mini_moat
D:7:      wad_pebble_path, layout_basic, tgw_fedhas, uniq_menkaure,
          uniq_prince_ribbit1, uniq_duvessa
D:8:      layout_rooms, serial_shops, kennysheep_mini, shop,
          hangedman_little_slice_of_home, grunt_decor_one_mirror
D:9:      layout_big_octagon, minmay_lair_entry_grove, orc_0_dummy, basic_altar,
          minmay_nine_imps
Lair:1:   beast_lair_carwin_large_2, layout_regular_city, serial_rivers,
          chequers_serial_rivers_micro_c, chequers_serial_rivers_marsh,
          chequers_serial_rivers_small_b, chequers_serial_rivers_micro_e,
          chequers_serial_rivers_micro_e, chequers_serial_rivers_small_b,
          serial_bayou_pond_e, grunt_megastairs_5, serial_bayou_shore_b

Skill      XL: |  1  2  3  4  5  6  7  8  9 10 |
---------------+-------------------------------+-----
Conjurations   | 1 2 3 4 5 |  5.0
Air Magic      | 3 4 5 6 7 9 10 | 10.0
Dodging        | 4 |  4.9
Stealth        | 4 5 |  5.0
Spellcasting   | 5 8 |  8.0
Shields        | 2 4 |  4.2
Necromancy     | 2 5 |  5.6
Fighting       | 2 |  2.9

Action                   |  1- 3 |  4- 6 |  7- 9 | 10-12 || total
-------------------------+-------+-------+-------+-------++-------
Melee: Mace              |    25 |       |       |       ||    25
       Whip              |    53 |   104 |   157 |    29 ||   343
       Flail             |       |       |    22 |       ||    22
       Dagger            |       |       |       |   147 ||   147
 Cast: Shock             |    27 |    49 |    89 |    86 ||   251
       Static Discharge  |       |     8 |    41 |    59 ||   108
       Animate Skeleton  |       |     2 |       |       ||     2
       Airstrike         |       |       |    16 |    11 ||    27
       Lightning Bolt    |       |       |     4 |     3 ||     7
       Animate Dead      |       |       |     1 |     8 ||     9
  Use: Scroll            |     1 |    10 |     8 |     4 ||    23
       Potion            |       |     2 |       |       ||     2
 Stab: Sleeping          |     8 |     2 |     7 |     1 ||    18
       Distracted        |       |     1 |       |       ||     1
  Eat: Ration            |       |     2 |     5 |     4 ||    11
Armor: Robe              |    14 |    15 |    34 |    29 ||    92
Dodge: Dodged            |    84 |   109 |   224 |   193 ||   610
       Deflected         |       |     1 |     2 |     2 ||     5
Block: Buckler           |       |       |    36 |    74 ||   110

Table legend:
 A = Non-vault XP
 B = Vault XP
 C = Vault XP percentage of total XP
 D = Non-vault monster count
 E = Vault monster count
 F = Vault count percentage of total count
                 A         B        C        D         E       F
            +---------+---------+-------+---------+---------+-------
      Total |    7873 |    3763 |  32.3 |     188 |      44 |  19.0
            +---------+---------+-------+---------+---------+-------
        D:1 |      19 |       0 |   0.0 |       9 |       0 |   0.0
        D:2 |      61 |       6 |   9.0 |      15 |       3 |  16.7
        D:3 |      29 |      11 |  27.5 |      10 |       4 |  28.6
        D:4 |     394 |       0 |   0.0 |      25 |       0 |   0.0
        D:5 |     916 |       0 |   0.0 |      19 |       0 |   0.0
        D:6 |    1115 |       0 |   0.0 |      25 |       0 |   0.0
        D:7 |    1371 |     658 |  32.4 |      28 |       4 |  12.5
        D:8 |    1999 |     482 |  19.4 |      24 |      10 |  29.4
        D:9 |    1648 |    1793 |  52.1 |      30 |      19 |  38.8
     Lair:1 |     321 |     813 |  71.7 |       3 |       4 |  57.1
            +---------+---------+-------+---------+---------+-------
